 Dungeon Crawl Stone Soup version 0.23.2-1-ga50397a6bc (webtiles) character file.

Game seed: 2477329846853889673

79 Peloso the Shield-Bearer (level 4, -3/40 HPs)
             Began as a Minotaur Fighter on May 6, 2019.
             Slain by Natasha (8 damage)
             ... on level 2 of the Dungeon.
             The game lasted 00:01:29 (961 turns).

Peloso the Shield-Bearer (Minotaur Fighter)          Turns: 961, Time: 00:01:30

Health: -3/40      AC:  7    Str: 20    XL:     4   Next: 16%
Magic:  3/3        EV:  7    Int:  5    God:
Gold:   117        SH:  9    Dex: 11    Spells: 3/3 levels left

rFire    . . .     SeeInvis .   a - +0 long sword
rCold    . . .     Gourm    .   c - +0 shield
rNeg     . . .     Faith    .   b - +0 scale mail
rPois    .         Spirit   .   (helmet restricted)
rElec    .         Reflect  .   (no cloak)
rCorr    .         Harm     .   (no gloves)
MR       .....                  (no boots)
Stlth    ..........             (no amulet)
HPRegen  0.13/turn              (no ring)
MPRegen  0.08/turn              (no ring)

@: no status effects
A: retaliatory headbutt, horns 2
a: no special abilities


You were on level 2 of the Dungeon.
You were not hungry.

You visited 1 branch of the dungeon, and saw 2 of its levels.

You collected 117 gold pieces.

Inventory:

Hand Weapons
 a - a +0 long sword (weapon)
Armour
 b - a +0 scale mail (worn)
 c - a +0 shield (worn)
Jewellery
 j - a +4 ring of intelligence {unknown}
Scrolls
 e - 2 scrolls of immolation {unknown}
 g - a scroll of remove curse {unknown}
 k - a scroll of blinking {unknown}
 l - a scroll of teleportation {unknown}
 n - a scroll of noise {unknown}
Potions
 d - a potion of might
 h - a potion of cancellation {unknown}
 i - a potion of haste {unknown}
 m - a potion of lignification {unknown}
Comestibles
 f - 4 rations
 o - a chunk of flesh


   Skills:
 + Level 4.1 Fighting
 + Level 3.1 Long Blades
 + Level 4.4 Armour
 + Level 0.6 Dodging
 + Level 4.6 Shields


You had 3 spell levels left.
You didn't know any spells.
Your spell library was empty.

Dungeon Overview and Level Annotations

Branches:
Dungeon (2/15)

Altars:

Annotations:
D:2 Natasha


Innate Abilities, Weirdness & Mutations

You reflexively headbutt those who attack you in melee.
You have a pair of horns on your head.


Message History

Natasha closely misses you.
You hit Natasha.
Natasha is moderately wounded.
Natasha stares at you and mumbles some strange words.
The magic dart hits you.
You closely miss Natasha. You headbutt Natasha.
Natasha is moderately wounded.
Natasha claws you but does no damage.
You hit Natasha but do no damage.
Natasha is moderately wounded.
You block Natasha's attack. Natasha claws you.
* * * LOW HITPOINT WARNING * * *
Your shield and scale mail prevent you from hitting Natasha.
Natasha is moderately wounded.
Natasha claws you.
* * * LOW HITPOINT WARNING * * *
You closely miss Natasha.
Natasha is moderately wounded.
Natasha claws you!
You die...

#.....'...#.# ## #.
#.....###.#.# .. ..##.#
#.....###.#.. ... ....#
###....##'#.# ..(#.#.###
#........## .#.#.#...#
#.......... .?.......#
#.........# #
#.....######.........#
#.#..>÷@h...##..........
#.##))†.###.##.........#
#.....### ###'#....##
###...## .######....##
#....# .............
#..#.# #############
#..#.# #.... #..#.######
#.### #.........# #.# #


You could see Natasha.

Vanquished Creatures
  Natasha (D:2)
  An adder (D:2)
  An ooze (D:1)
  A dart slug (D:1)
  2 leopard geckos (D:1)
  3 giant cockroaches (D:1)
  2 goblins
  6 hobgoblins
  2 kobolds (D:1)
  5 ball pythons (D:1)
  5 bats
  6 frilled lizards
  4 rats
39 creatures vanquished.

Notes
Turn   | Place    | Note
-------+----------+-------------------------------------------
     0 | D:1      | Peloso the Minotaur Fighter began the quest for the Orb.
     0 | D:1      | Reached XP level 1. HP: 19/19 MP: 0/0
    38 | D:1      | Reached XP level 2. HP: 27/27 MP: 1/1
   290 | D:1      | Reached XP level 3. HP: 19/33 MP: 2/2
   861 | D:2      | Noticed Natasha
   870 | D:2      | Killed Natasha
   870 | D:2      | Reached XP level 4. HP: 17/40 MP: 3/3
   955 | D:2      | Noticed Natasha
   961 | D:2      | Slain by Natasha

Skill      XL: |  1  2  3 |
---------------+----------+-----
Fighting       | 4 |  4.1
Shields        | 4 |  4.6
Armour         | 4 |  4.4
Long Blades    | 3 |  3.1
Dodging        | |  0.6

Action                   |  1- 3 |  4- 6 || total
-------------------------+-------+-------++-------
Melee: Long sword        |    86 |    14 ||   100
       Headbutt          |    14 |     1 ||    15
Armor: Scale mail        |    53 |    11 ||    64
Dodge: Dodged            |    24 |     8 ||    32
Block: Shield            |    58 |    19 ||    77
       Rpst.: Long sword |     8 |     1 ||     9
